 Dungeon Crawl Stone Soup version 0.20.0-10-g0535bb4 (webtiles) character file.

88 Hook the Chiller (level 4, -5/24 HPs)
             Began as a Kobold Ice Elementalist on June 4, 2017.
             Slain by Terence
             ... wielding a +0 morningstar
              (19 damage)
             ... on level 2 of the Dungeon.
             The game lasted 00:07:53 (1983 turns).

Hook the Chiller (Kobold Ice Elementalist)          Turns: 1983, Time: 00:07:53

Health: -5/24      AC:  2    Str:  5    XL:     4   Next: 81%
Magic:  0/8        EV: 16    Int: 21    God:
Gold:   164        SH:  0    Dex: 15    Spells: 3/8 levels left

rFire    . . .     SeeInvis .   d - +0 dagger
rCold    . . .     Gourm    .   (shield restricted)
rNeg     . . .     Faith    .   a - +0 robe
rPois    .         Spirit   .   (no helmet)
rElec    .         Reflect  .   (no cloak)
rCorr    .         Harm     .   (no gloves)
MR       .....                  (no boots)
Stlth    ++........             (no amulet)
Regen    0.1/turn               k - +4 ring of intelligence
MPRegen  0.2/turn               (no ring)

@: no status effects
A: carnivore 3
a: no special abilities


You were on level 2 of the Dungeon.
You were completely stuffed.

You visited 1 branch of the dungeon, and saw 2 of its levels.

You collected 164 gold pieces.

Inventory:

Hand Weapons
 d - a +0 dagger (weapon)
Missiles
 h - a tomahawk (quivered)
 l - 3 curare-tipped needles
Armour
 a - a +0 robe (worn)
Jewellery
 k - a +4 ring of intelligence (left hand)
Scrolls
 f - a scroll of magic mapping {unknown}
 g - 3 scrolls of identify
 j - a scroll of enchant weapon {unknown}
Potions
 e - a potion of flight
Books
 b - a book of Frost

   Spells                             Type                      Level
   a - Freeze                         Ice                          1
   b - Throw Frost                    Conjuration/Ice              2
   c - Ozocubu's Armour               Charms/Ice                   3
   d - Throw Icicle                   Conjuration/Ice              4
   e - Summon Ice Beast               Ice/Summoning                4
 m - a book of Maledictions

   Spells                             Type                      Level
   a - Corona                         Hexes                        1
   b - Ensorcelled Hibernation        Hexes/Ice                    2
   c - Confuse                        Hexes                        3
   d - Tukima's Dance                 Hexes                        3
   e - Dazzling Spray                 Conjuration/Hexes            3
Comestibles
 c - 2 meat rations
 i - 3 chunks of flesh


   Skills:
 + Level 0.3 Short Blades
 * Level 3.2 Dodging
 + Level 3.3 Stealth
 + Level 0.4 Unarmed Combat
 * Level 2.9 Spellcasting
 + Level 1.1 Conjurations
 * Level 3.9 Ice Magic


You had 3 spell levels left.
You knew the following spells:

 Your Spells              Type           Power        Failure   Level  Hunger
a - Freeze                Ice            ###.         2%          1    None
b - Throw Frost           Conj/Ice       ##....       7%          2    ##.....
c - Ensorcelled Hibernat  Hex/Ice        ##....       9%          2    ##.....


Dungeon Overview and Level Annotations

Branches:
Dungeon (2/15)

Altars:

Annotations:
D:2 Terence


Innate Abilities, Weirdness & Mutations

You are small and have problems with some larger weapons.
You are carnivorous and can eat meat at any time.


Message History

Aim: Terence, wielding a morningstar and wearing a scale mail (heavily wounded, unusually strong)
You freeze Terence.
Terence is severely wounded.
Terence barely misses you.
You closely miss Terence.
Terence is severely wounded.
Terence barely misses you.
You hit Terence.
Terence is severely wounded.
You barely miss Terence.
Terence is severely wounded.
Terence hits you with a morningstar!
You barely miss Terence.
Terence is severely wounded.
Terence barely misses you.
You hit Terence but do no damage.
Terence is severely wounded.
Terence hits you with a morningstar!!
Ouch! That really hurt!
You die...

#.# ##.###.#.##.....# #.#
#.# #†#.###...## #.# #.#
#.#÷# #..## ###.# #.#
#.#.# #..# #...# #.. #.#.#
#..# #.### ##. #.#.#
#..### #.# #.#.###.....
##.#########.##...........
#.......@@...####.###..###
#..########### #.# #..#
#..# #.###..###
####..##### #.........
#.?.......# #####..##.
#.##..#...# #..###
#.#..†#...# #..... #.#.#.#
.#.. ..#####.#### #.#.###
.# #. ........####


You could see Terence.

Vanquished Creatures
  4 adders (D:2)
  An ooze (D:1)
  A worm (D:2)
  3 dart slugs
  2 leopard geckos (D:2)
  2 ball pythons (D:2)
  3 giant cockroaches
  A hobgoblin (D:1)
  A jackal (D:2)
  2 quokkas (D:2)
  6 bats
  4 frilled lizards
  2 goblins (D:1)
  6 kobolds
  4 rats
42 creatures vanquished.

Notes
Turn   | Place    | Note
-------+----------+-------------------------------------------
     0 | D:1      | Hook the Kobold Ice Elementalist began the quest for the Orb.
     0 | D:1      | Reached XP level 1. HP: 10/10 MP: 3/3
   311 | D:1      | Reached XP level 2. HP: 7/15 MP: 0/5
   642 | D:1      | Reached XP level 3. HP: 19/19 MP: 4/6
   646 | D:1      | Learned a level 2 spell: Throw Frost
  1161 | D:2      | Reached XP level 4. HP: 21/24 MP: 2/8
  1960 | D:2      | Learned a level 2 spell: Ensorcelled Hibernation
  1962 | D:2      | Noticed Terence
  1983 | D:2      | Slain by Terence

Skill      XL: |  1  2  3  4 |
---------------+-------------+-----
Stealth        | 3 |  3.3
Dodging        | 3 |  3.2
Short Blades   | |  0.3
Unarmed Combat | |  0.4
Spellcasting   | |  2.9
Conjurations   | |  1.1
Ice Magic      | |  3.9

Action                   |  1- 3 |  4- 6 || total
-------------------------+-------+-------++-------
Melee: Dagger            |    21 |    30 ||    51
       Unarmed           |     4 |       ||     4
Throw: Tomahawk          |       |     1 ||     1
 Cast: Freeze            |    32 |    17 ||    49
       Throw Frost       |     6 |     8 ||    14
       Ensorcelled Hiber |       |     1 ||     1
  Use: Scroll            |     4 |     1 ||     5
 Stab: Sleeping          |     3 |     2 ||     5
  Eat: Chunk             |     7 |     6 ||    13
Armor: Robe              |    11 |     7 ||    18
Dodge: Dodged            |    54 |    31 ||    85
